 Dungeon Crawl Stone Soup version 0.27-a0-1555-g0e7b3fb1d2 (webtiles) character file.

Game seed: 16673234629010075735

14064 Spaninq the Grappler (level 11, -10/120 HPs)
             Began as a Troll Wanderer on July 14, 2021.
             Was an Elder of Ashenzari.
             Mangled by an entropy weaver simulacrum (24 damage)
             ... in an ice cave on July 15, 2021.
             The game lasted 00:28:52 (8395 turns).

Spaninq the Grappler (Troll Wanderer)               Turns: 8395, Time: 00:28:53

Health: -10/120    AC:  9    Str: 22    XL:     11   Next: 83%
Magic:  19/19      EV:  8    Int: 15    God:    Ashenzari [****..]
Gold:   847        SH: 10    Dex: 11    Spells: 10/10 levels left

rFire    . . .     SeeInvis +     - Unarmed
rCold    . . .     Faith    .   B - +0 kite shield of the Clairvoyant Stars {Melee, Elem} (curse)
rNeg     . . .     Spirit   .   m - +0 troll leather armour "Ruined Together" {Regen+, Purgy, Melee, Range} (curse)
rPois    +         Reflect  .   (helmet restricted)
rElec    .         Harm     .   w - +2 cloak of Apeoromancy {rPois, Alch, Melee} (curse)
rCorr    .         Rampage  .   (gloves unavailable)
Will     .....     Clarity  +   (boots unavailable)
Stlth    +.........             (no amulet)
HPRegen  2.30/turn              k - ring of Ashenzari's Omission {MP+9, Self, Elem} (curse)
MPRegen  0.16/turn              t - ring of the Unyielding Gaze {Int+6, Comp, Evo} (curse)

@: no status effects
A: large, unfitting armour, claws 3, regeneration 1, shaggy fur 1, tough skin 1
a: Renounce Religion, Shatter the Chains


You were in an ice cave.
You worshipped Ashenzari.
Ashenzari was greatly pleased with you.
You visited 2 branches of the dungeon, and saw 12 of its levels.
You also visited: Ice Cave.

You collected 847 gold pieces.

Inventory:

Armour
 m - the cursed +0 troll leather armour "Ruined Together" (worn) {Regen+, Purgy, Melee, Range}
   (You found it on level 3 of the Dungeon)

   Regen:     It increases your rate of health regeneration.
   It has a curse which improves the following skills: Melee Combat: Short
   Blades, Long Blades, Axes, Maces & Flails, Polearms, Staves and Unarmed
   Combat.
   Ranged Combat: Slings, Bows, Crossbows and Throwing.
 w - the cursed +2 cloak of Apeoromancy (worn) {rPois, Alch, Melee}
   (You found it on level 6 of the Dungeon)

   It has a curse which improves the following skills: Alchemy: Poison Magic and
   Transmutations.
   Melee Combat: Short Blades, Long Blades, Axes, Maces & Flails, Polearms,
   Staves and Unarmed Combat.
 B - the cursed +0 kite shield of the Clairvoyant Stars (worn) {Melee, Elem}
   (You took it off a gnoll sergeant on level 8 of the Dungeon)

   It has a curse which improves the following skills: Melee Combat: Short
   Blades, Long Blades, Axes, Maces & Flails, Polearms, Staves and Unarmed
   Combat.
   Elements:  Fire Magic, Ice Magic, Air Magic and Earth Magic.
Jewellery
 k - the cursed ring of Ashenzari's Omission (left claw) {MP+9, Self, Elem}
   (You found it on level 3 of the Dungeon)

   [ring of magical power]

   MP:        It affects your magic capacity (+9).
   It has a curse which improves the following skills: Introspection: Fighting
   and Spellcasting.
   Elements:  Fire Magic, Ice Magic, Air Magic and Earth Magic.
 t - the cursed ring of the Unyielding Gaze (right claw) {Int+6, Comp, Evo}
   (You found it on level 5 of the Dungeon)

   [ring of intelligence]

   Int:       It affects your intelligence (+6).
   It has a curse which improves the following skills: Companions: Summonings
   and Necromancy.
   Evocations: Evocations.
 D - the ring of Uha Leock {Wiz Will+ Slay+3}
   (You found it on level 9 of the Dungeon)

   [ring of wizardry]

   It improves your spell success rate.
   Slay:      It affects your accuracy & damage with ranged weapons and melee
   (+3).
   Will:      It increases your willpower.
Wands
 s - a wand of iceblast (6)
 x - a wand of charming (9)
 y - a wand of polymorph (17)
 C - a wand of flame (27)
Scrolls
 a - 3 scrolls of summoning
 f - 3 scrolls of amnesia
 g - 4 scrolls of fog
 l - 2 scrolls of blinking
 n - a scroll of silence
 q - a scroll of enchant weapon
 r - 2 scrolls of teleportation
 u - 2 scrolls of enchant armour
 z - 2 scrolls of magic mapping
Potions
 d - 4 potions of flight
 e - 4 potions of heal wounds
 h - 4 potions of mutation
 i - a potion of invisibility
 o - 3 potions of haste
 p - a potion of brilliance
 A - 2 potions of might


   Skills:
 + Level 8.9(11.1) Fighting
 - Level 1.0(3.4) Axes
 - Level 2.4 Dodging
 - Level 1.0 Stealth
 + Level 5.8 Shields
 * Level 14.2(18.2) Unarmed Combat
 - Level 1.3(2.8) Evocations


You had 10 spell levels left.
You didn't know any spells.
Your spell library contained the following spells:

 Spells                   Type           Power      Damage    Failure   Level
 Sandblast                Erth           2%         2d4       45%         1
 Summon Small Mammal      Summ           4%         N/A       47%         1
 Corona                   Hex            0%         N/A       52%         1
 Poisonous Vapours        Pois/Air       2%         N/A       61%         2
 Ensorcelled Hibernation  Hex/Ice        0%         N/A       63%         2
 Call Canine Familiar     Summ           1%         N/A       85%         3
 Mephitic Cloud           Conj/Pois/Air  1%         N/A       85%         3
 Stone Arrow              Conj/Erth      0%         3d7       86%         3
 Dazzling Flash           Conj/Hex       0%         N/A       88%         3
 Tukima's Dance           Hex            0%         N/A       88%         3
 Fulminant Prism          Conj/Hex       0%         3d6       99%         4
 Iskenderun's Mystic Bla  Conj/Tloc      0%         2d3       99%         4
 Bolt of Magma            Conj/Fire/Erth 0%         4d4       100%        5
 Freezing Cloud           Conj/Ice/Air   0%         6-21      100%        5
 Lee's Rapid Deconstruct  Erth           0%         3d5*      100%        5
 Starburst                Conj/Fire      0%         8x6d3     100%        6
 Shatter                  Erth           0%         3d5*      100%        9


Dungeon Overview and Level Annotations

Branches:
Dungeon (11/15)            Temple (1/1) D:4            Lair (0/6) D:10
    Orc (0/2) D:9           IceCv (1/1)

Altars:
Ashenzari
Cheibriados
Dithmenos
Elyvilon
Fedhas
Gozag
Hepliaklqana
Kikubaaqudgha
Makhleb
Nemelex Xobeh
Okawaru
Qazlal
Ru
Sif Muna
Trog
Uskayaw
Vehumet
Wu Jian
Xom
Yredelemnul
Zin
The Shining One


Innate Abilities, Weirdness & Mutations

You are too large for most types of armour.
You have claws for hands.
Your natural rate of healing is unusually fast.
You are covered in fur. (AC +1)
You have tough skin. (AC +1)


Message History

The white imp gestures at you. The puff of frost misses you.
You mangle the white imp!!
You kill the white imp!
A wolf simulacrum comes into view.
You start waiting.
Done waiting.
A naga simulacrum comes into view.
The naga simulacrum moves out of view.
You block the wolf simulacrum's attack.
You scratch the wolf simulacrum but do no damage.
You block the wolf simulacrum's attack.
You eviscerate the wolf simulacrum!!!
The wolf simulacrum vapourises!
Really walk into that cloud of freezing vapour?
Okay, then.
You scratch the naga simulacrum but do no damage.
You mangle the naga simulacrum!!
The naga simulacrum vapourises!
An entropy weaver simulacrum comes into view.
An ice devil and a simulacrum come into view.
The entropy weaver simulacrum hits you.
The entropy weaver simulacrum freezes you!!
The entropy weaver simulacrum hits you but does no damage.
The entropy weaver simulacrum hits you!
The entropy weaver simulacrum freezes you!
The entropy weaver simulacrum hits you.
The entropy weaver simulacrum freezes you!
The entropy weaver simulacrum barely misses you.
You block the entropy weaver simulacrum's attack.
The entropy weaver simulacrum hits you.
The entropy weaver simulacrum freezes you!!
* * * LOW HITPOINT WARNING * * *
You block the entropy weaver simulacrum's attack.
You block the entropy weaver simulacrum's attack.
The entropy weaver simulacrum hits you but does no damage.
The entropy weaver simulacrum hits you!
* * * LOW HITPOINT WARNING * * *
The entropy weaver simulacrum freezes you!!
You die...

* , , *,, * #. * ,* *
**4.. ** ###{{.. *,**
####..☼§§# *
###..#.☼☼§§# , *
##.....###..#,, , ,**
##....Z......# , , ,
#......@##..... ## ,
,{
##.......##......## ,
##.......#....... * {
##......####..##° ,
###.........##.○ ,* *
###..........○
###.......§§######
####...######§☼.####
###...#######°§.###..


You could see an entropy weaver simulacrum.

Vanquished Creatures
  A boulder beetle (D:9)
  A two-headed ogre (D:11)
  Urug (D:10)
  2 cyclopes
  2 ice statues (IceCv)
  4 komodo dragons (D:10)
  A kobold demonologist (D:11)
  2 ice devils (IceCv)
  An entropy weaver simulacrum (IceCv)
  A centaur simulacrum (D:11)
  16 yaks
  A wraith (D:10)
  2 steam dragons
  Menkaure (D:6)
  2 death yak simulacra (IceCv)
  2 vampire mosquitoes (D:11)
  2 water moccasins (D:7)
  Duvessa (D:5)
  3 ice beasts
  Purgy (D:3)
  2 black bears
  2 necrophages
  8 orc warriors
  A wolf (D:11)
  3 centaurs (D:7)
  2 ogres (D:5)
  A phantom (D:5)
  A kobold brigand (D:8)
  2 two-headed ogre simulacra (IceCv)
  A gnoll sergeant (D:8)
  Dowan (D:5)
  A water moccasin skeleton (D:7)
  A wyvern skeleton (D:6)
  A killer bee (D:9)
  12 wights
  2 elephant simulacra (IceCv)
  5 howler monkeys
  6 centaur zombies
  3 hounds (D:4)
  2 jellies
  A gnoll shaman (D:7)
  7 orc priests
  A bullfrog skeleton (D:6)
  Terence (D:3)
  3 iguanas
  12 orc wizards
  A troll simulacrum (IceCv)
  2 spriggan simulacra (IceCv)
  A wolf simulacrum (IceCv)
  A hound skeleton (D:4)
  11 gnolls
  5 adders
  2 naga simulacra (IceCv)
  A shadow imp (D:7)
  2 white imps (IceCv)
  3 ufetubi
  An adder skeleton (D:4)
  8 dart slugs
  43 orcs
  5 bats
  8 endoplasms
  5 giant cockroaches
  5 goblins
  5 hobgoblins
  12 jackals
  11 kobolds
  3 quokkas
  5 ball pythons
  2 frilled lizards (D:1)
  8 rats
279 creatures vanquished.

Vanquished Creatures (others)
  2 ufetubi (IceCv)
  An orc (D:8)
3 creatures vanquished.

Grand Total: 282 creatures vanquished

Notes
Turn   | Place    | Note
-------+----------+-------------------------------------------
     0 | D:1      | Spaninq the Troll Wanderer began the quest for the Orb.
     0 | D:1      | Spaninq set off with the following items: a +2 hand axe, a
                  | +0 robe; and the following spells available to memorise:
                  | Sandblast, Summon Small Mammal, Call Canine Familiar, Stone
                  | Arrow
     0 | D:1      | Reached XP level 1. HP: 19/19 MP: 0/0
    60 | D:1      | Reached XP level 2. HP: 22/27 MP: 1/1
   139 | D:1      | Reached skill level 3 in Unarmed Combat
   181 | D:1      | Reached XP level 3. HP: 33/33 MP: 2/2
   643 | D:2      | Reached XP level 4. HP: 38/42 MP: 3/3
   988 | D:2      | Reached skill level 4 in Unarmed Combat
  1359 | D:3      | Noticed Terence
  1368 | D:3      | Killed Terence
  1369 | D:3      | Reached XP level 5. HP: 41/50 MP: 4/4
  1710 | D:3      | Found a faded altar of an unknown god.
  1929 | D:3      | Noticed Purgy
  1945 | D:3      | Killed Purgy
  1946 | D:3      | Reached skill level 5 in Unarmed Combat
  1946 | D:3      | Reached XP level 6. HP: 30/59 MP: 5/5
  2483 | D:4      | Found a staircase to the Ecumenical Temple.
  2518 | Temple   | Entered the Ecumenical Temple
  2741 | D:4      | Found a sacrificial altar of Ru.
  2742 | D:4      | Found a shadowy altar of Dithmenos.
  2744 | D:4      | Found a stormy altar of Qazlal.
  2758 | D:4      | Reached skill level 6 in Unarmed Combat
  2770 | D:4      | Reached XP level 7. HP: 65/67 MP: 6/6
  3069 | D:5      | Entered Level 5 of the Dungeon
  3161 | D:5      | Reached skill level 7 in Unarmed Combat
  3344 | D:5      | Noticed Dowan
  3346 | D:5      | Noticed Duvessa
  3357 | D:5      | Killed Duvessa
  3358 | D:5      | Reached skill level 8 in Unarmed Combat
  3358 | D:5      | Reached XP level 8. HP: 74/79 MP: 7/7
  3372 | D:5      | Killed Dowan
  3641 | D:6      | Found a glowing silver altar of Zin.
  3642 | D:6      | Found a glowing golden altar of the Shining One.
  3643 | D:6      | Found a white marble altar of Elyvilon.
  3676 | D:6      | Found a hide-covered altar of Uskayaw.
  3677 | D:6      | Found a burning altar of Makhleb.
  3678 | D:6      | Found a bloodstained altar of Trog.
  3679 | D:6      | Found a hazy altar of Hepliaklqana.
  3679 | D:6      | Found an iron altar of Okawaru.
  3679 | D:6      | Found a broken altar of Ashenzari.
  3690 | D:6      | Became a worshipper of Ashenzari the Shackled
  3690 | D:6      | Identified a scroll of acquirement
  3692 | D:6      | Acquired 280 gold pieces
  3733 | D:6      | Noticed Menkaure
  3748 | D:6      | Killed Menkaure
  3749 | D:6      | Reached skill level 5 in Fighting
  3749 | D:6      | Reached skill level 9 in Unarmed Combat
  4102 | D:7      | Reached XP level 9. HP: 70/88 MP: 8/8
  4125 | D:7      | Reached skill level 10 in Unarmed Combat
  4366 | D:7      | Identified the +9 mace of Impermanence {antimagic, rN++}
  4819 | D:8      | Found a radiant altar of Vehumet.
  4860 | D:8      | Reached * piety under Ashenzari
  4952 | D:8      | Reached skill level 11 in Unarmed Combat
  4959 | D:8      | Reached skill level 1 in Shields
  5669 | D:9      | Reached ** piety under Ashenzari
  5694 | D:9      | Reached XP level 10. HP: 88/106 MP: 9/9
  6028 | D:9      | Reached skill level 12 in Unarmed Combat
  6285 | D:9      | Noticed a boulder beetle
  6286 | D:9      | Identified the ring of Uha Leock {Wiz Will+ Slay+3}
  6308 | D:9      | Noticed a death knight
  6408 | D:9      | Found a staircase to the Orcish Mines.
  6447 | D:9      | Noticed a cyclops
  6455 | D:9      | Killed a cyclops
  6608 | D:9      | Killed a boulder beetle
  6693 | D:9      | Reached *** piety under Ashenzari
  7008 | D:10     | Entered Level 10 of the Dungeon
  7049 | D:10     | Reached XP level 11. HP: 114/116 MP: 10/10
  7104 | D:10     | Reached skill level 13 in Unarmed Combat
  7210 | D:10     | Noticed Urug
  7237 | D:10     | Killed Urug
  7508 | D:10     | Found a staircase to the Lair.
  7753 | D:10     | Reached **** piety under Ashenzari
  7782 | D:11     | Reached skill level 5 in Shields
  7840 | D:11     | Noticed a two-headed ogre
  7845 | D:11     | Killed a two-headed ogre
  7880 | D:11     | Found a frozen archway.
  7898 | IceCv    | Entered an ice cave
  8079 | IceCv    | Reached skill level 14 in Unarmed Combat
  8395 | IceCv    | Mangled by an entropy weaver simulacrum

Illustrated notes

Levels and vault maps discovered:
D:1:      dpeg_arrival_rooms_c, layout_basic, skrybe_limestone_x
D:2:      layout_basic, kennysheep_potato
D:3:      layout_rooms, shapermc_ecumenical_altar_acropolis,
          kennysheep_generic_room_13, uniq_terence, uniq_purgy
D:4:      layout_gridville, chequers_temple_overflow_statue_of_worship,
          minmay_temple_entry_grid
D:5:      layout_rooms, uniq_duvessa
D:6:      layout_rooms, good_gods_temple_1, grunt_temple_overflow_open,
          uniq_menkaure
D:7:      layout_loops_ring, minivault_22
D:8:      layout_basic, fiery_altar_vehumet, special_room [special_room_orc]
D:9:      layout_long_grid, hiddenorc1_lemuel, minmay_checkerbox
D:10:     layout_rooms, erik_lair_dragon, uniq_urug
D:11:     layout_rooms, portal_ice_cave_entry_pillars_2, serial_ice,
          serial_ice_m, serial_ice_a, serial_ice_b, serial_ice_l,
          nicolae_yredelemnul_corpse_copse, uniq_fannar
Temple:   jpeg_temple_island
IceCv:    ice_cave_small_demon

Skill      XL: |  1  2  3  4  5  6  7  8  9 10 11 |
---------------+----------------------------------+-----
Unarmed Combat | 3 4 5 6 8 9 11 12 14 | 14.2
Fighting       | 2 3 4 5 6 7 8 |  8.9
Shields        | 2 4 5 |  5.8
Axes           | |  1.0
Dodging        | |  2.4
Stealth        | |  1.0
Evocations     | |  1.3

Action                   |  1- 3 |  4- 6 |  7- 9 | 10-12 || total
-------------------------+-------+-------+-------+-------++-------
Melee: Unarmed           |   107 |   155 |   309 |   340 ||   911
       Punch             |     1 |     3 |    16 |    11 ||    31
Invok: Curse Item        |       |       |     3 |     2 ||     5
  Use: Scroll            |       |       |     1 |       ||     1
 Stab: Distracted        |     1 |       |       |       ||     1
       Sleeping          |       |     2 |       |       ||     2
Armor: Robe              |    36 |    31 |       |       ||    67
       Troll leather arm |       |    17 |    73 |    67 ||   157
Dodge: Dodged            |    53 |    90 |   141 |    78 ||   362
Block: Kite shield       |       |       |       |    50 ||    50

Table legend: (Time is in decaauts)
 A = Elapsed time spent in this place.
 B = Non-inter-level travel time spent in this place.
 C = Inter-level travel time spent in this place.
 D = Time resting spent in this place.
 E = Time spent auto-exploring this place.
 F = Levels seen in this place.
 G = Mean time per level.
                   A        B        C        D        E       F      G
               +--------+--------+--------+--------+--------+-----+--------+
         Total |   8278 |   7940 |    338 |    354 |   5158 |  13 |  636.8 |
       Dungeon |   7546 |   7229 |    317 |    197 |   4932 |  11 |  686.0 |
        Temple |    253 |    232 |     21 |      0 |    220 |   1 |  253.0 |
      Ice Cave |    478 |    478 |      0 |    157 |      6 |   1 |  478.0 |
               +--------+--------+--------+--------+--------+-----+--------+

Top non-repeatable levels by time:
     D:9: 1190 daAuts
     D:8: 1184 daAuts
     D:2: 973 daAuts
     D:4: 745 daAuts
    D:10: 729 daAuts
     D:3: 634 daAuts
     D:7: 552 daAuts
     D:1: 512 daAuts
     D:5: 492 daAuts
   IceCv: 478 daAuts
     D:6: 399 daAuts
  Temple: 253 daAuts
    D:11: 132 daAuts
